 Dungeon Crawl Stone Soup version 0.28.0-62-gf88900778d (webtiles) character file.

Game seed: 1159065289315860792

167120 Froggeryz the Brawler (level 17, -1/98 HPs)
             Began as a Vine Stalker Berserker on Dec 8, 2023.
             Was the Champion of Trog.
             Hit by a silver javelin thrown by a merfolk javelineer (2 damage)
             ... on level 4 of the Shoals on Dec 21, 2023.
             The game lasted 01:13:21 (27382 turns).

Froggeryz the Brawler (Vine Stalker Berserker)     Turns: 27382, Time: 01:13:21

Health: -1/98      AC: 14    Str: 22    XL:     17   Next: 91%
Magic:  0/27       EV: 23    Int:  9    God:    Trog [******]
Gold:   2424       SH:  9    Dex: 23    Spells: 16/16 levels left

rFire   + . .      SeeInvis +     - Unarmed
rCold   + . .      Faith    .   M - +0 buckler
rNeg    . . .      Spirit   +   K - +0 acid dragon scales
rPois   +          Reflect  .   T - +1 helmet of the Unbroken {rPois}
rElec   +          Harm     .   p - +0 cloak "Ehoj" {Rampage MP+9 Dex+3 SInv}
rCorr   +          Rampage  +   (no gloves)
Will    +++++                   Y - +2 pair of boots {rampage}
Stlth   ++++......              t - amulet "Reuqib" {RegenMP Int+2}
HPRegen 2.06/turn               j - +4 ring of evasion
MPRegen 0.60/turn               o - ring of willpower

@: resistant, strong-willed (expiring), on berserk cooldown, regenerating
(expiring), slowed, studying Stealth, very slow
A: fangs 3, regeneration 1, magic shield, antimagic bite, no potion heal 2
a: Renounce Religion, Berserk, Trog's Hand, Brothers in Arms


You were on level 4 of the Shoals.
You worshipped Trog.
Trog was exalted by your worship.
You visited 4 branches of the dungeon, and saw 25 of its levels.
You also visited: Sewer and Gauntlet.

You collected 3459 gold pieces.
You spent 1035 gold pieces at shops.

Inventory:

Missiles
 c - 22 poisoned darts (quivered)
 g - 10 javelins
 q - 3 boomerangs of dispersal
 I - 14 throwing nets
 J - 27 boomerangs
 P - 11 silver javelins
 R - a silver boomerang
Armour
 e - the +5 leather armour of the Swamp {rElec Str+6 Int-3}
   (You bought it in a shop on level 2 of the Orcish Mines)

   Str:       It affects your strength (+6).
   Int:       It affects your intelligence (-3).
   rElec:     It insulates you from electricity.
 p - the +0 cloak "Ehoj" (worn) {Rampage MP+9 Dex+3 SInv}
   (You found it on level 1 of the Shoals)

   Dex:       It affects your dexterity (+3).
   MP:        It affects your magic capacity (+9).
   SInv:      It lets you see invisible.
   Rampage:   It bestows one free step when moving towards enemies.
 w - a +0 kite shield of reflection
 K - +0 acid dragon scales (worn)
 M - a +0 buckler (worn)
 N - a +2 scale mail of fire resistance
 T - the +1 helmet of the Unbroken (worn) {rPois}
   (You found it on level 5 of the Lair of Beasts)

   rPois:     It protects you from poison.
 Y - a +2 pair of boots of rampaging (worn)
Jewellery
 d - a ring of resist corrosion
 j - a +4 ring of evasion (left hand)
 o - a ring of willpower (right hand)
 t - the amulet "Reuqib" (around neck) {RegenMP Int+2}
   (You found it in a Gauntlet)

   [amulet of magic regeneration]

   It increases your rate of magic regeneration.
   Int:       It affects your intelligence (+2).
 u - the ring of Jaecza Ruto {rF+ rC+ EV+4}
   (You found it on level 3 of the Shoals)

   [ring of evasion]

   EV:        It affects your evasion (+4).
   rF:        It protects you from fire.
   rC:        It protects you from cold.
 v - the amulet of Texumn {Faith rN++ Int+2}
   (You found it in a Gauntlet)

   [amulet of faith]

   It allows you to gain divine favour quickly.
   Int:       It affects your intelligence (+2).
   rN:        It greatly protects you from negative energy.
 x - a ring of protection from fire
 z - a ring of fire
 L - a ring of see invisible
 Q - a +4 ring of protection
Wands
 D - a wand of flame (19)
 F - a wand of paralysis (3)
 G - a wand of iceblast (13)
 S - a wand of mindburst (5)
Scrolls
 a - 6 scrolls of fog
 i - 6 scrolls of teleportation
 k - a scroll of brand weapon
 m - 6 scrolls of enchant armour
 y - 7 scrolls of noise
 C - 3 scrolls of immolation
 E - 3 scrolls of summoning
 H - 2 scrolls of magic mapping
 O - 4 scrolls of enchant weapon
 U - 9 scrolls of identify
Potions
 b - 4 potions of haste
 f - 5 potions of might
 h - 2 potions of cancellation
 l - 8 potions of mutation
 n - 3 potions of invisibility
 s - 7 potions of curing
 A - 3 potions of magic
 B - 5 potions of attraction
 V - 2 potions of resistance
Miscellaneous
 r - a condenser vane
 X - a phantom mirror (inert)


   Skills:
 + Level 14.9 Fighting
 - Level 5.9 Throwing
 - Level 5.3 Armour
 + Level 9.7 Dodging
 - Level 8.0 Stealth
 + Level 13.5 Shields
 - Level 18.1 Unarmed Combat
 * Level 1.3 Evocations


You had 16 spell levels left.
You didn't know any spells.
Your spell library contained the following spells:

 Spells                   Type           Power      Damage    Failure   Level
 Ensorcelled Hibernation  Hex/Ice        0%         N/A       65%         2
 Spider Form              Tmut/Pois      0%         N/A       87%         3
 Anguish                  Hex/Necr       0%         N/A       99%         4


Dungeon Overview and Level Annotations

Branches:
Dungeon (13/15)            Temple (0/1) D:5            Lair (6/6) D:8
 Shoals (4/4) Lair:3        Snake (0/4) Lair:3        Slime (0/5) Lair:5
    Orc (2/2) D:11            Elf (0/3) Orc:2        Vaults (0/5) D:13
  Sewer (visited)         Gauntlet (visited)

Altars:
Dithmenos
Elyvilon
Fedhas
Hepliaklqana
Kikubaaqudgha
Makhleb
Okawaru
Vehumet
Wu Jian
Yredelemnul
Zin
Beogh

Shops:
Orc:1 [   Orc:2 [!:


Innate Abilities, Weirdness & Mutations

You have razor-sharp teeth.
Your natural rate of healing is unusually fast.
When hurt, damage is shared between your health and your magic reserves.
Your bite disrupts and absorbs the magic of your enemies.
Potions cannot restore your health.


Message History

The wind drake is moderately wounded.
The merfolk barely misses you.
The wind drake bites you but does no damage.
The merfolk javelineer throws a silver javelin.
The silver javelin pierces through you!
* * * LOW HITPOINT WARNING * * *
x2
Okay, then.
Okay, then.
As you read the scroll of teleportation, it crumbles to dust.
You feel strangely unstable.
The titan falters for a moment.
You block the merfolk's attack. You block the wind drake's attack.
The merfolk javelineer throws a silver javelin.
The silver javelin misses you. The titan hits you!!
* * * LOW HITPOINT WARNING * * *
You block the merfolk's attack. The wind drake misses you.
Okay, then.
Okay, then.
Unknown command.
Okay, then.
Okay, then.
As you read the scroll of fog, it crumbles to dust.
The scroll dissolves into smoke.
Your surroundings suddenly seem different.
A sea snake comes into view.
The sea snake moves out of view.
Okay, then.
Okay, then.
As you read the scroll of teleportation, it crumbles to dust.
You feel strangely unstable.
You enter the shallow water.
Moving in this stuff is going to be slow.
You feel the effects of Trog's Hand fading.
Your surroundings suddenly seem different.
The merfolk javelineer throws a silver javelin.
The silver javelin pierces through you.
* * * LOW HITPOINT WARNING * * *
x2 The merfolk javelineer throws a silver javelin.
The silver javelin pierces through you!
* * * LOW HITPOINT WARNING * * *
You die...

#≈≈≈≈#m≈ ..# ≈8≈≈#
#. ..# ..≈####.
###.≈#
.###.φ|m####...#.#
.....≈..#...#≈...#
. #.#.#..#.C....#
. .##.#..m.§#..#.#
≈≈#....≈k§§§§..#.#
...#..))C§§##.≈.@#
≈..###..#§§m)###.#
.8≈≈####≈≈8.(≈.#.#
#≈≈≈≈^#≈≈≈≈##....#
.#.≈≈..≈)###.....#
#≈##.#..#...##..≈#
≈.....≈≈.≈≈≈.)##.#
##[######.##.#.≈≈#
..≈)))).≈...≈.≈.##


You could see a titan (magic disrupted) and a merfolk javelineer.

Vanquished Creatures
  Nikola (Shoals:3)
  Jorgrun (D:13)
  Rupert (D:13)
  The ghost of Meoqees the Peltast, an adept MiFi of Okawaru (Shoals:1)
  Donald (Shoals:2)
  Polyphemus (Shoals:2)
  Ilsuiw (Shoals:2)
  The ghost of Qeimiotua the Blocker, a journeyman MiFi of Okawaru (Lair:5)
  2 minotaurs
  Nessos (D:13)
  A dire elephant (Lair:6)
  5 merfolk javelineers
  11 merfolk impalers
  Josephine (D:11)
  Erolcha (D:11)
  Fannar (D:12)
  8 hydras
  3 boulder beetles
  2 catoblepae
  3 ogre magi (Orc:2)
  4 two-headed ogres
  4 centaur warriors (D:13)
  3 alligator snapping turtles
  3 satyrs (Shoals:3)
  2 merfolk avatars
  2 merfolk aquamancers (Shoals:4)
  A deep troll shaman (Lair:6)
  10 death yaks
  Urug (D:11)
  2 orc high priests (Orc:2)
  A fire crab (D:12)
  10 sea snakes
  2 orc knights
  21 harpies
  10 orc sorcerers
  7 manticores
  2 oklob plants (Lair:2)
  2 spectral merfolk (Shoals:1)
  14 fauns
  2 ugly things (D:13)
  14 elephants
  5 cyclopes
  A black mamba (Lair:2)
  9 merfolk sirens
  A torpor snail (Lair:5)
  9 water nymphs
  10 cane toads
  Maggie (D:7)
  2 unseen horrors
  A large abomination (Gauntlet)
  2 kobold demonologists
  A rime drake (Lair:5)
  6 komodo dragons
  A spectral water nymph (Shoals:1)
  A spectral harpy (Shoals:1)
  9 trolls
  32 merfolk
  8 hornets
  A queen bee (Gauntlet)
  9 wind drakes
  5 slime creatures (D:12)
  21 dream sheep
  36 blink frogs
  9 snapping turtles
  2 wyverns
  5 wraiths
  19 water elementals
  4 air elementals (Shoals:4)
  39 yaks
  A shadow (D:11)
  A hog (shapeshifter) (D:13)
  6 basilisks
  17 humans
  9 vampire mosquitoes
  4 nagas (Lair:3)
  A steam dragon (Lair:5)
  2 wargs (Orc:2)
  2 acid dragons
  19 water moccasins
  2 merfolk simulacra (Shoals:1)
  12 orc warriors
  A sky beast (D:7)
  2 ice beasts
  A hornet zombie (D:7)
  3 black bears
  A necrophage (D:4)
  9 ogres
  18 wolves
  A spectral cyclops (Shoals:1)
  A centaur (D:13)
  3 phantoms (D:5)
  3 kobold brigands
  12 bullfrogs
  3 scorpions
  A gnoll sergeant (D:3)
  A wyvern skeleton (D:5)
  A water moccasin skeleton (D:4)
  49 killer bees
  A manticore simulacrum (Shoals:1)
  6 wights
  10 howler monkeys
  7 electric eels
  5 centaur zombies
  A lava snake (D:8)
  4 jellies
  2 gnoll shamans
  A human zombie (D:4)
  9 orc priests
  A centaur skeleton (D:7)
  An iron imp (D:8)
  2 iguanas (D:5)
  28 orc wizards
  8 hell rats
  A killer bee zombie (D:8)
  6 small abominations (Gauntlet)
  A hound zombie (D:4)
  2 hound skeletons (D:4)
  3 howler monkey zombies
  17 gnolls
  12 adders
  A river rat (Sewer)
  A shadow imp (D:8)
  2 white imps
  An ufetubus (D:5)
  3 adder zombies (D:4)
  A worm (D:2)
  3 dart slugs
  43 orcs
  3 ball pythons
  An endoplasm (D:2)
  6 giant cockroaches
  5 goblins
  6 hobgoblins
  3 quokkas
  4 bats
  A frilled lizard (D:2)
  16 kobolds
  A quokka zombie (D:4)
  11 rats
  A bush (Lair:2)
840 creatures vanquished.

Vanquished Creatures (others)
  A water nymph (Shoals:3)
  A human (D:12)
  79 fungi
  143 plants
224 creatures vanquished.

Grand Total: 1064 creatures vanquished

Notes
Turn   | Place    | Note
-------+----------+-------------------------------------------
     0 | D:1      | Froggeryz the Vine Stalker Berserker began the quest for
                  | the Orb.
     0 | D:1      | Reached XP level 1. HP: 11/11 MP: 2/2
   419 | D:1      | Reached XP level 2. HP: 16/16 MP: 3/3
   516 | D:1      | Found a faded altar of an unknown god.
  1178 | D:2      | Reached XP level 3. HP: 20/20 MP: 4/4
  1800 | D:3      | Noticed a gnoll sergeant
  1831 | D:2      | Reached skill level 4 in Unarmed Combat
  1831 | D:2      | Gained mutation: Your natural rate of healing is unusually
                  | fast. [Vine Stalker growth]
  1831 | D:2      | Reached XP level 4. HP: 22/24 MP: 3/5
  2051 | D:3      | Found a shadowy altar of Dithmenos.
  2064 | D:3      | Reached ** piety under Trog
  2296 | D:3      | Killed a gnoll sergeant
  2297 | D:3      | Reached XP level 5. HP: 22/28 MP: 6/6
  2623 | D:4      | Reached skill level 5 in Unarmed Combat
  2623 | D:4      | Reached XP level 6. HP: 33/33 MP: 7/7
  2914 | D:4      | Noticed a necrophage
  2924 | D:4      | Killed a necrophage
  2947 | D:4      | Reached XP level 7. HP: 37/37 MP: 8/8
  2954 | D:4      | Found a basalt altar of Yredelemnul.
  2961 | D:4      | Reached skill level 6 in Unarmed Combat
  3217 | D:5      | Entered Level 5 of the Dungeon
  3312 | D:5      | Found a staircase to the Ecumenical Temple.
  3333 | D:5      | Gained mutation: You have razor-sharp teeth. [Vine Stalker
                  | growth]
  3333 | D:5      | Reached XP level 8. HP: 42/42 MP: 7/9
  3363 | D:5      | Reached skill level 7 in Unarmed Combat
  3379 | D:5      | Reached skill level 5 in Fighting
  3570 | D:5      | Reached *** piety under Trog
  3631 | D:5      | Reached skill level 8 in Unarmed Combat
  4157 | D:6      | Found a glowing drain.
  4158 | D:6      | Identified the +1 leather armour of the Crypt {+Inv rN+
                  | Will- MP+9}
  4183 | D:6      | Reached XP level 9. HP: 41/48 MP: 6/10
  4224 | Sewer    | Entered a sewer
  4267 | Sewer    | Reached **** piety under Trog
  4351 | D:6      | Reached skill level 9 in Unarmed Combat
  4622 | D:6      | Found a hazy altar of Hepliaklqana.
  4819 | D:7      | Noticed a hornet
  4830 | D:7      | Killed a hornet
  4831 | D:7      | Reached skill level 5 in Armour
  4894 | D:7      | Found a blossoming altar of Fedhas.
  4990 | D:7      | Noticed Maggie
  5001 | D:7      | Killed Maggie
  5002 | D:7      | Reached skill level 10 in Unarmed Combat
  5147 | D:7      | Found an iron altar of Okawaru.
  5163 | D:7      | Reached XP level 10. HP: 33/53 MP: 11/11
  5780 | D:7      | Found a glowing silver altar of Zin.
  6123 | D:8      | Reached skill level 11 in Unarmed Combat
  6139 | D:8      | Noticed a two-headed ogre
  6534 | D:8      | Found a staircase to the Lair.
  6579 | D:8      | Found a burning altar of Makhleb.
  6637 | D:8      | Identified a scroll of acquirement
  6638 | D:8      | Acquired 707 gold pieces
  6746 | D:8      | Killed an unseen horror
  6798 | D:8      | Killed a two-headed ogre
  6799 | D:8      | Reached skill level 12 in Unarmed Combat
  6799 | D:8      | Reached XP level 11. HP: 60/60 MP: 12/12
  6934 | D:9      | Found an ornate altar of the Wu Jian Council.
  6939 | D:9      | You fall into a shaft and drop 2 floors!
  6953 | D:11     | Noticed a manticore
  6964 | D:11     | Killed a manticore
  6965 | D:11     | Reached skill level 5 in Dodging
  6965 | D:11     | Reached skill level 1 in Stealth
  7047 | D:11     | Noticed a manticore
  7060 | D:11     | Killed a manticore
  7066 | D:11     | Noticed Erolcha
  7079 | D:11     | Killed Erolcha
  7124 | D:10     | Entered Level 10 of the Dungeon
  7351 | D:9      | Noticed a two-headed ogre
  7366 | D:9      | Killed a two-headed ogre
  8524 | D:10     | Reached ***** piety under Trog
  8533 | D:10     | Reached skill level 5 in Stealth
  8635 | D:10     | Noticed a cyclops
  8641 | D:10     | Killed a cyclops
  9035 | D:11     | Found a staircase to the Orcish Mines.
  9091 | D:11     | Noticed Josephine
  9120 | D:11     | Killed Josephine
  9121 | D:11     | Reached skill level 1 in Shields
  9128 | D:11     | Reached skill level 13 in Unarmed Combat
  9267 | D:11     | Noticed a boulder beetle
  9280 | D:11     | Killed a boulder beetle
  9281 | D:11     | Reached XP level 12. HP: 33/65 MP: 8/13
  9640 | D:11     | Noticed a two-headed ogre
  9650 | D:11     | Killed a two-headed ogre
  9761 | D:11     | Noticed Urug
  9779 | D:11     | Killed Urug
  9894 | D:12     | Noticed Fannar
  9894 | D:12     | Noticed a boulder beetle
  9908 | D:11     | Killed a boulder beetle
  9952 | D:12     | Killed Fannar
  9965 | D:12     | Reached skill level 5 in Throwing
  9965 | D:12     | Reached XP level 13. HP: 63/70 MP: 12/14
 10103 | D:12     | Identified the +6 dagger of Tuusad {flame, Str+5}
 10722 | D:13     | Noticed Nessos
 10722 | D:13     | Noticed Rupert
 10722 | D:13     | Found a gate to the Vaults.
 10727 | D:13     | Paralysed by Rupert for 5 turns
 10728 | D:13     | Killed Rupert
 11032 | D:12     | Reached skill level 10 in Fighting
 11308 | D:13     | Found a white marble altar of Elyvilon.
 11331 | D:13     | Reached skill level 14 in Unarmed Combat
 11504 | D:13     | Noticed Jorgrun
 11507 | D:13     | Killed Nessos
 11508 | D:13     | Reached XP level 14. HP: 59/77 MP: 12/15
 11555 | D:13     | Killed Jorgrun
 11567 | D:13     | Received a gift from Trog
 12051 | Lair:1   | Entered Level 1 of the Lair of Beasts
 13938 | Lair:3   | Found a gate leading to a gauntlet.
 13945 | Gauntlet | Entered a Gauntlet
 13945 | Gauntlet | Found a transporter.
 13945 | Gauntlet | Found a transporter.
 13946 | Gauntlet | Found a transporter.
 13949 | Gauntlet | Found a transporter.
 13949 | Gauntlet | Found a transporter.
 13960 | Gauntlet | Found a transporter.
 13981 | Gauntlet | Found a transporter.
 14002 | Gauntlet | Found a transporter.
 14019 | Gauntlet | Found a transporter.
 14027 | Gauntlet | Found a transporter.
 14045 | Gauntlet | Found a transporter.
 14103 | Gauntlet | Found a transporter.
 14164 | Gauntlet | Identified the amulet "Reuqib" {RegenMP Int+2}
 14219 | Gauntlet | Identified the amulet of Texumn {Faith rN++ Int+2}
 14248 | Gauntlet | Paralysed by a hornet for 3 turns
 14430 | Gauntlet | Received a gift from Trog
 14722 | Lair:3   | Found a staircase to the Snake Pit.
 14733 | Lair:3   | Reached skill level 15 in Unarmed Combat
 15146 | Lair:3   | Found a staircase to the Shoals.
 16097 | Lair:4   | Reached skill level 10 in Shields
 16197 | Lair:4   | Reached XP level 15. HP: 65/84 MP: 13/16
 16343 | Lair:4   | Reached ****** piety under Trog
 16721 | Lair:5   | Received a gift from Trog
 17145 | Lair:5   | Noticed Qeimiotua's ghost (journeyman MiFi)
 17231 | Lair:5   | Found a runed translucent gate.
 17232 | Lair:5   | Found a runed translucent gate.
 17234 | Lair:5   | Found a runed translucent gate.
 17309 | Lair:5   | You fall into a shaft and drop 1 floor!
 17309 | Lair:6   | Entered Level 6 of the Lair of Beasts
 17427 | Lair:6   | Reached skill level 16 in Unarmed Combat
 18268 | Lair:6   | Received a gift from Trog
 19054 | Lair:5   | Found a staircase to the Slime Pits.
 19404 | Lair:5   | Killed Qeimiotua's ghost
 19423 | Lair:5   | Identified the +1 helmet of the Unbroken {rPois}
 19552 | Lair:2   | Reached XP level 16. HP: 72/91 MP: 17/17
 19748 | Orc:1    | Entered Level 1 of the Orcish Mines
 19804 | Orc:1    | Found Ocheghue's Antique Armour Boutique.
 20051 | Orc:2    | Entered Level 2 of the Orcish Mines
 20051 | Orc:2    | Found a staircase to the Elven Halls.
 20463 | Orc:1    | Received a gift from Trog
 20839 | Orc:2    | Found a radiant altar of Vehumet.
 20877 | Orc:2    | Found an ancient bone altar of Kikubaaqudgha.
 20923 | Orc:2    | Found Hiwoihikk's Antique Armour Shop.
 20967 | Orc:2    | Found Louseng's Distillery.
 20979 | Orc:2    | Found Tuzagg's Jewellery Boutique.
 20980 | Orc:2    | Received a gift from Trog
 20993 | Orc:2    | Found Negaheen's Book Boutique.
 21184 | Orc:2    | Bought a heavily runed leather armour for 287 gold pieces
 21184 | Orc:2    | Identified the +5 leather armour of the Swamp {rElec Str+6
                  | Int-3} (You bought it in a shop on level 2 of the Orcish
                  | Mines)
 21216 | Orc:2    | Bought a potion of resistance for 170 gold pieces
 21216 | Orc:2    | Bought a potion of mutation for 136 gold pieces
 21216 | Orc:2    | Bought a potion of resistance for 170 gold pieces
 21216 | Orc:2    | Bought a potion of invisibility for 136 gold pieces
 21216 | Orc:2    | Bought 2 potions of might for 136 gold pieces
 21464 | Shoals:1 | Entered Level 1 of the Shoals
 21608 | Shoals:1 | Acquired a manual of Stealth
 22001 | Shoals:1 | Found a runed translucent gate.
 22222 | Shoals:1 | Found a runed translucent gate.
 22223 | Shoals:1 | Found a runed translucent gate.
 22228 | Shoals:1 | Noticed Meoqees's ghost (adept MiFi)
 22264 | Shoals:1 | Reached skill level 17 in Unarmed Combat
 22363 | Shoals:1 | Killed Meoqees's ghost
 22418 | Shoals:1 | Identified the +0 cloak "Ehoj" {Rampage MP+9 Dex+3 SInv}
 22427 | Shoals:1 | Identified the +8 eveningstar of the Beginning {venom, rF-
                  | rCorr Str+9 Stlth-}
 22582 | Shoals:2 | Noticed Ilsuiw
 22717 | Shoals:2 | Killed Ilsuiw
 22858 | Shoals:3 | Noticed Polyphemus
 23349 | Shoals:2 | Noticed Donald
 23415 | Shoals:2 | Killed Donald
 23476 | Shoals:2 | Identified the +4 dagger of Borhounk {vorpal, rElec rPois
                  | Str+2}
 23792 | Shoals:2 | Identified the +2 dagger "Xecuis" {vorpal, Str+6} (Trog
                  | gifted it to you on level 2 of the Shoals)
 23792 | Shoals:2 | Received a gift from Trog
 23863 | Shoals:3 | Reached XP level 17. HP: 95/97 MP: 18/18
 24202 | Shoals:2 | Killed Polyphemus
 24334 | Shoals:3 | HP: 4/97 [merfolk/+0 halberd (12)]
 24596 | Shoals:3 | Noticed Nikola
 24624 | Shoals:3 | Killed Nikola
 24726 | Shoals:3 | Identified the ring of Jaecza Ruto {rF+ rC+ EV+4}
 25433 | Shoals:4 | Entered Level 4 of the Shoals
 25499 | Shoals:4 | Paralysed by an air elemental for 1 turns
 25509 | Shoals:4 | Paralysed by an air elemental for 1 turns
 25524 | Shoals:4 | Received a gift from Trog
 25616 | Shoals:4 | Paralysed by an air elemental for 1 turns
 25618 | Shoals:4 | Paralysed by an air elemental for 1 turns
 26418 | Shoals:4 | Reached skill level 18 in Unarmed Combat
 26820 | Shoals:4 | Identified the +1 fustibalus of Lies {freeze, Str+3 SInv
                  | Stlth+}
 26820 | Shoals:4 | Identified the ring "Ystojecu" {rN+ MP+9 Stlth+}
 27255 | Shoals:4 | Reached skill level 1 in Evocations
 27291 | Shoals:4 | Received a gift from Trog
 27360 | Shoals:4 | Noticed a titan
 27378 | Shoals:4 | HP: 2/98 [titan (24)]
 27382 | Shoals:4 | Hit by a silver javelin thrown by a merfolk javelineer

Illustrated notes

Levels and vault maps discovered:
D:1:      sevenhm_arrival_forest_fort_large_4, layout_basic,
          ebering_ecumenical_altar_abandoned, minmay_misc_feat_diagonals
D:2:      minmay_evil_eye, layout_basic, minmay_misc_feat_cross,
          minmay_pentomino_t4
D:3:      layout_rooms, grunt_dithmenos_smoke_and_mirrors
D:4:      layout_basic, lemuel_mausoleum_altar_yredelemnul, minmay_crystal_room,
          minivault_14
D:5:      layout_basic, temple_fountains, corexii_checkpoint_a, minmay_between
D:6:      layout_loops_ring, overflow_temple_1_default, gup_sewer_entry_glass,
          chequers_serial_rivers_marsh, minmay_holes, minivault_4
D:7:      layout_basic, okawaru_humans, zin_scriptorium,
          overflow_temple_1_default, chequers_serial_rivers_small_b,
          kennysheep_generic_room_16, uniq_maggie
D:8:      layout_loops_ring, makhleb_grotto_becter,
          grunt_lair_entry_orc_guard_hut, kennysheep_flooded_box,
          grunt_potential
D:9:      layout_irregular_city, nicolae_wu_jian_wuxing_cycle,
          serial_co_window_serial, co_window_corner_a, co_window_cross_1,
          co_window_cross_1, co_window_paths_a, co_window_corner_a,
          co_window_broadway_b, co_window_corner_b, co_window_paths_c,
          co_window_broadway_a, co_window_2corner, co_window_broadway_b,
          co_window_4corner_b, co_window_sun, glass_columns_a, glass_columns_a,
          glass_columns_b, glass_columns_a
D:10:     layout_basic
D:11:     layout_gridville, orc_0_dummy, uniq_urug, uniq_josephine, uniq_erolcha
D:12:     layout_roguey, uniq_fannar
D:13:     layout_roguey, david_vaults_3, kennysheep_diamond, uniq_jorgrun
Lair:1:   layout_loops_ring, serial_bayou_shore_a, lemuel_fruit_fields
Lair:2:   layout_small_grid, st_stairs_13, nicolae_quartered_pool_super,
          chequers_serial_rivers_small_3, minmay_stone_trees_small,
          chequers_serial_rivers_micro_a, minmay_lair_oklob_bushes,
          chequers_serial_rivers_small_b, wad_woods_06, nicolae_lair_lil_pond,
          dpeg_stationary_puzzle
Lair:3:   layout_regular_city, minmay_shoals_entry_lonely_mermaid,
          minmay_snake_entry_guardpost_small, gauntlet_entry_generic
Lair:4:   wad_woods_minihive, layout_loops_ring
Lair:5:   layout_long_grid, dpeg_slime_entry_corner,
          maelrawn_ghost_gauntlet_escape, infiniplex_staircase_pool,
          serial_bayou_shore_b, grunt_megastairs_4
Lair:6:   grunt_lair_end_beastmaster, layout_regular_city
Shoals:1: layout_shoals, gammafunk_ghost_necromancy
Shoals:2: layout_shoals, uniq_donald, uniq_ilsuiw
Shoals:3: layout_shoals, nicolae_shoals_lost_giant_temple, uniq_polyphemus,
          uniq_nikola
Shoals:4: shoals_end_hellmonk_storm_palace [storm_palace_center_ruins,
          storm_palace_corner_narrow, storm_palace_corner_pillars,
          storm_palace_corner_narrow, storm_palace_corner_pillars], serial_shops
Orc:1:    layout_diamond_mine, basic_altar, serial_shops, shop,
          nicolae_orc_pool_cavern
Orc:2:    kennysheep_orc_mage_school, layout_caves, kennysheep_orc_chapel

Skill      XL: |  1  2  3  4  5  6  7  8  9 10 11 12 13 14 15 16 17 |
---------------+----------------------------------------------------+-----
Fighting       | 3 4 5 6 8 9 10 11 13 14 | 14.9
Dodging        | 2 3 4 5 6 8 9 |  9.7
Unarmed Combat | 4 5 6 8 10 12 13 14 15 16 17 18 | 18.1
Armour         | 2 3 4 5 |  5.3
Stealth        | 6 7 8 |  8.0
Shields        | 2 6 8 10 11 12 13 | 13.5
Throwing       | 5 |  5.9
Evocations     | 1 |  1.3

Action                   |  1- 3 |  4- 6 |  7- 9 | 10-12 | 13-15 | 16-18 || total
-------------------------+-------+-------+-------+-------+-------+-------++-------
Melee: Unarmed           |    72 |   122 |   282 |   393 |  1316 |  1265 ||  3450
       Bite              |    14 |    41 |    88 |   147 |   504 |   532 ||  1326
       Punch             |     2 |     5 |    19 |    39 |       |       ||    65
       Dagger            |       |       |    22 |    24 |       |       ||    46
Throw: Dart              |       |     4 |     5 |     5 |    31 |    48 ||    93
       Throwing net      |       |     1 |       |       |       |       ||     1
Invok: Berserk           |       |       |     2 |     4 |     6 |     5 ||    17
       Trog's Hand       |       |       |     1 |     4 |     3 |     7 ||    15
Evoke: Wand              |       |       |     3 |       |    11 |    18 ||    32
       Phantom mirror    |       |       |       |       |       |     2 ||     2
  Use: Scroll            |       |       |       |    22 |    15 |    10 ||    47
       Potion            |       |       |       |     1 |     1 |     5 ||     7
 Stab: Sleeping          |     1 |       |       |     4 |    20 |     6 ||    31
       Held in net/web   |       |     1 |       |       |       |       ||     1
       Distracted        |       |       |       |       |    10 |     6 ||    16
       Petrified         |       |       |       |       |       |     8 ||     8
       Fleeing           |       |       |       |       |       |     1 ||     1
Armor: Animal skin       |     9 |       |       |       |       |       ||     9
       Ring mail         |     1 |     2 |       |       |       |       ||     3
       Scale mail        |       |    33 |    68 |       |       |       ||   101
       Acid dragon scale |       |       |     2 |    66 |   229 |   249 ||   546
Dodge: Dodged            |    41 |    85 |   186 |   288 |   792 |   844 ||  2236
Block: Buckler           |       |       |       |       |   366 |   446 ||   812
